 Dungeon Crawl Stone Soup version 0.27.1-3-gb3d3a73c9e (webtiles) character file.

Game seed: 6685431070441833190

120 earthworldpsion the Covered (level 5, -1/46 HPs)
             Began as a Hill Orc Fighter on Oct 18, 2021.
             Slain by Sigmund (8 damage)
             ... on level 3 of the Dungeon.
             The game lasted 00:06:07 (2518 turns).

earthworldpsion the Covered (Hill Orc Fighter)      Turns: 2518, Time: 00:06:08

Health: -1/46      AC:  9    Str: 20    XL:     5   Next: 4%
Magic:  5/5        EV:  7    Int:  8    God:
Gold:   87         SH:  0    Dex: 10    Spells: 4/4 levels left

rFire    . . .     SeeInvis .   a - +0 war axe
rCold    . . .     Faith    .   c - +0 kite shield
rNeg     . . .     Spirit   .   b - +0 scale mail
rPois    +         Reflect  .   (no helmet)
rElec    .         Harm     .   (no cloak)
rCorr    .         Rampage  .   o - +1 pair of gloves
Will     .....                  (no boots)
Stlth    ..........             (no amulet)
HPRegen  0.15/turn              f - ring of poison resistance
MPRegen  0.09/turn              (no ring)

@: confused, mighty
A: no striking features
a: no special abilities


You were on level 3 of the Dungeon.
You visited 1 branch of the dungeon, and saw 3 of its levels.

You collected 87 gold pieces.

Inventory:

Hand Weapons
 a - a +0 war axe (weapon)
 k - a +2 short sword of speed
Missiles
 j - 4 boomerangs (quivered)
Armour
 b - a +0 scale mail (worn)
 c - a +0 kite shield (worn)
 o - a +1 pair of gloves (worn)
Jewellery
 f - a ring of poison resistance (left hand)
Scrolls
 e - a scroll of fear {unknown}
 g - a scroll of amnesia {unknown}
 l - 2 scrolls of identify {unknown}
 m - a scroll of blinking {unknown}
 n - a scroll of acquirement {unknown}
Potions
 h - a potion of resistance {unknown}
 i - 4 potions of degeneration {unknown}
 p - a potion of curing {unknown}


   Skills:
 + Level 4.2 Fighting
 + Level 4.3 Axes
 + Level 0.4 Throwing
 + Level 4.5 Armour
 + Level 0.3 Dodging
 + Level 0.3 Stealth
 + Level 3.5 Shields


You had 4 spell levels left.
You didn't know any spells.
Your spell library was empty.

Dungeon Overview and Level Annotations

Branches:
Dungeon (3/15)

Altars:
Uskayaw

Shops:
D:1 [

Annotations:
D:3 Sigmund, Terence


Message History

Something hits you. You block Terence's attack. x2
You hit Terence but do no damage.
Terence is moderately wounded.
A hobgoblin comes into view.
Something hits you but does no damage. You block Terence's attack.
The hobgoblin shouts!
You slash Terence!
Terence is severely wounded.
Something hits you. Terence hits you with a +0 mace.
Terence hits you but does no damage.
You closely miss Terence.
Terence is severely wounded.
Something hits you but does no damage. You block Terence's attack.
You hit Terence but do no damage.
Terence is severely wounded.
Something hits you! Terence barely misses you. Terence hits you with a +0 mace.
You feel very mighty all of a sudden. Something hits you but does no damage.
You hear some strange, mumbled words.
You are confused.
You completely miss something. Something hits you.
Your shield prevents you from hitting something.
Something hits you.
You bump into the rock wall.
Something hits you but does no damage.
You bump into the rock wall.
You bump into the rock wall.
You feel less confused.
You hear some strange, mumbled words.
A puff of flame appears from out of thin air!
The puff of flame misses you.
Terence says, "Rest in peace."
You closely miss something. Something hits you.
* * * LOW HITPOINT WARNING * * *
You barely miss something. Something hits you.
* * * LOW HITPOINT WARNING * * *
You slice something!! You block something's attack.
You hear some strange, mumbled words.
You are confused.
Something hits you!
You die...

..........#..##########
8.......8.##)†##......#
...).....###)#........
8..._...8.###).........
...###.................
#......................
###.##.............)...
##..##............>)...
###..##.@.#####..........
#[..gK{.#.# #.#........
#...######.## #..........
......## #..# #..........
....####
##.#####......... #..#.
#............... #. #
#######......... .
#......... #.#.......


You could see a hobgoblin and a kobold.

Vanquished Creatures
  4 adders
  3 worms (D:2)
  2 dart slugs
  8 orcs (D:3)
  6 bats
  4 endoplasms
  A giant cockroach (D:1)
  6 goblins
  5 hobgoblins
  4 jackals (D:2)
  3 quokkas
  4 ball pythons
  2 frilled lizards (D:1)
  7 kobolds
  2 rats (D:1)
61 creatures vanquished.

Notes
Turn   | Place    | Note
-------+----------+-------------------------------------------
     0 | D:1      | earthworldpsion the Hill Orc Fighter began the quest for
                  | the Orb.
     0 | D:1      | Reached XP level 1. HP: 19/19 MP: 1/1
   171 | D:1      | Found Keoj's Antique Armour Shop.
   237 | D:1      | Reached XP level 2. HP: 27/27 MP: 2/2
   252 | D:1      | Found a faded altar of an unknown god.
   922 | D:2      | Reached XP level 3. HP: 8/33 MP: 3/3
  1662 | D:2      | Reached XP level 4. HP: 29/40 MP: 4/4
  2290 | D:3      | Found a hide-covered altar of Uskayaw.
  2361 | D:3      | Reached XP level 5. HP: 37/46 MP: 5/5
  2486 | D:3      | Noticed Terence
  2488 | D:3      | Noticed Sigmund
  2518 | D:3      | Slain by Sigmund

Illustrated notes

Levels and vault maps discovered:
D:1:      lemuel_arrival_cross, layout_basic,
          shapermc_ecumenical_altar_acropolis, serial_shops, nicolae_shop_stone,
          hangedman_decor_peaks_small, grunt_decor_clamped
D:2:      layout_loops_corners
D:3:      layout_rooms, eat_drink_and_be_merry_uskayaw, uniq_terence,
          uniq_sigmund

Skill      XL: |  1  2  3  4 |
---------------+-------------+-----
Axes           | 3 4 |  4.3
Armour         | 4 |  4.5
Fighting       | 4 |  4.2
Throwing       | |  0.4
Dodging        | |  0.3
Stealth        | |  0.3
Shields        | |  3.5

Action                   |  1- 3 |  4- 6 || total
-------------------------+-------+-------++-------
Melee: War axe           |    93 |   105 ||   198
Throw: Boomerang         |     8 |       ||     8
  Use: Potion            |       |     1 ||     1
Armor: Scale mail        |    47 |    68 ||   115
Dodge: Dodged            |    12 |    41 ||    53
Block: Kite shield       |    43 |    59 ||   102
